 Dungeon Crawl Stone Soup version 0.29.1-12-g30fa7ad0bf (webtiles) character file.

Game seed: 783310503155140156

5245 nachturnus the Protected (level 10, -4/76 HPs)
             Began as a Human Monk on Jan 16, 2023.
             Was an Elder of Dithmenos.
             Slain by a bone dragon (5 damage)
             ... on level 3 of the Abyss on Jan 17, 2023.
             The game lasted 00:45:01 (13300 turns).

nachturnus the Protected (Human Monk)              Turns: 13300, Time: 00:45:02

Health: -4/76      AC: 26    Str: 10    XL:     10   Next: 93%
Magic:  10/10      EV:  8    Int: 10    God:    Dithmenos [****..]
Gold:   81         SH:  0    Dex: 21    Spells: 9/9 levels left

rFire   + . .      SeeInvis .   z - +4 long sword
rCold   + . .      Faith    .   (no shield)
rNeg    . . .      Spirit   .   H - +0 plate armour
rPois   +          Reflect  .   o - +1 helmet
rElec   +          Harm     .   e - +2 cloak
rCorr   +          Rampage  .   D - +0 pair of gloves {Str+3}
Will    .....                   y - +1 pair of boots
Stlth   ..........              (no amulet)
HPRegen 0.22/turn               q - +4 ring of evasion
MPRegen 0.12/turn               j - ring of resist corrosion

@: mighty, resistant, wreathed by umbra, unable to read
A: mutation resistance 1, shaggy fur 1, [weak 2], [inability to read after
injury 2]
a: Renounce Religion, Shadow Step


You were on level 3 of the Abyss.
You worshipped Dithmenos.
Dithmenos was greatly pleased with you.
You visited 4 branches of the dungeon, and saw 13 of its levels.
You visited the Abyss 1 time.

You collected 415 gold pieces.
You spent 334 gold pieces at shops.

Inventory:

Hand Weapons
 z - a +4 long sword (weapon)
 C - a +3 flail
Missiles
 w - a throwing net (quivered)
Armour
 e - a +2 cloak (worn)
 k - the +2 ring mail of Failure {Str+4}
   (You found it on level 2 of the Dungeon)

   Str:       It affects your strength (+4).
 o - a +1 helmet (worn)
 t - a +0 chain mail
 y - a +1 pair of boots (worn)
 D - a +0 pair of gloves of strength (worn)
 H - a +0 plate armour (worn)
Jewellery
 i - an amulet of guardian spirit
 j - a ring of resist corrosion (right hand)
 q - a +4 ring of evasion (left hand)
 r - a ring of flight
 I - a ring of poison resistance
Wands
 b - a wand of flame (7)
 m - a wand of polymorph (5)
 G - a wand of iceblast (6)
Scrolls
 f - 2 scrolls of blinking
 l - 2 scrolls of teleportation
 A - a scroll of amnesia
 F - a scroll of identify
Potions
 a - 2 potions of mutation
 c - a potion of ambrosia
 d - a potion of cancellation {unknown}
 g - 3 potions of magic
 h - a potion of berserk rage
 n - 4 potions of attraction
 p - 2 potions of curing
 s - a potion of flight
 u - 2 potions of resistance
 v - a potion of heal wounds
 x - a potion of lignification
 B - a potion of brilliance


   Skills:
 * Level 6.1 Fighting
 - Level 10.0 Long Blades
 - Level 11.0 Armour
 - Level 3.0 Dodging
 - Level 2.0 Stealth


You had 9 spell levels left.
You didn't know any spells.
Your spell library contained the following spells:

 Spells                   Type           Power      Damage    Failure   Level
 Sandblast                Erth           0%         2d4       100%        1
 Passwall                 Tmut/Erth      0%         N/A       100%        2
 Stone Arrow              Conj/Erth      0%         3d7       100%        3
 Chain Lightning          Conj/Air       0%         N/A       100%        9
 Fire Storm               Conj/Fire      0%         5d1       100%        9
 Shatter                  Erth           0%         3d5*      100%        9


Dungeon Overview and Level Annotations

Branches:
Dungeon (10/15)            Temple (1/1) D:4            Lair (1/5) D:9
    Orc (1/2) D:9

Altars:
Ashenzari
Cheibriados
Dithmenos
Elyvilon
Fedhas
Gozag
Hepliaklqana
Kikubaaqudgha
Makhleb
Nemelex Xobeh
Okawaru
Qazlal
Ru
Sif Muna
Trog
Uskayaw
Vehumet
Wu Jian
Xom
Yredelemnul
Zin
The Shining One

Shops:
D:1 (?(?[   D:3 *   D:7 *?*[   D:8 [   D:9 *

Annotations:
D:4 Duvessa
D:6 3 runed translucent doors, Feihao's ghost, novice GrFi
D:10 Sonja


Innate Abilities, Weirdness & Mutations

You are somewhat resistant to further mutation.
You are covered in fur. (AC +1)
[You are very weak. (Str -4)]
[You sometimes lose the ability to read scrolls when taking damage.]


Message History

The bone dragon completely misses you.
The bone dragon tramples you but does no damage.
You feel protected. The bone dragon completely misses you.
The bone dragon claws you but does no damage.
The bone dragon barely misses you.
You feel very mighty all of a sudden.
The bone dragon bites you but does no damage.
The bone dragon claws you!
You feel threatened and lose the ability to read scrolls!
The bone dragon tramples you but does no damage.
You hit the bone dragon but do no damage.
Your shadow barely misses the bone dragon.
The bone dragon bites you but does no damage.
The bone dragon claws you but does no damage.
The bone dragon tramples you but does no damage.
The thrashing horror tramples you but does no damage. x2
You slash the bone dragon!
The bone dragon is lightly damaged.
The thrashing horror tramples you.
You hold your ground!
The thrashing horror barely misses you. The bone dragon closely misses you.
The bone dragon claws you but does no damage.
The bone dragon tramples you!
* * * LOW HITPOINT WARNING * * *
You hold your ground!
You hit the bone dragon.
The bone dragon is lightly damaged.
The thrashing horror tramples you but does no damage. x2
The bone dragon bites you!
* * * LOW HITPOINT WARNING * * *
The bone dragon claws you but does no damage.
The bone dragon closely misses you.
You hit the bone dragon.
The bone dragon is lightly damaged.
The thrashing horror tramples you.
* * * LOW HITPOINT WARNING * * *
You hold your ground!
The thrashing horror tramples you but does no damage.
The bone dragon bites you.
You die...

... ..# # ##..
.x# ### # ###
#..##.#.#. ..
#.##.#....
###....# #. .*
###.#x# ..## .#.
#.D@X##.........#
#..###.##.....##.
...#. #.# ...#.#
#.## #. #. #...u.
## #. #.. . #.
....


You could see a bone dragon, a thrashing horror and a small abomination.

Vanquished Creatures
  A troll (D:9)
  Sigmund (D:2)
  A shadow (D:9)
  A wyvern (D:9)
  2 steam dragons (D:8)
  2 water moccasins
  3 orc warriors
  3 black bears
  2 sky beasts (D:7)
  2 ogres
  7 centaurs
  A phantom (D:7)
  A kobold brigand (D:5)
  3 scorpions
  3 bullfrogs
  A wyvern zombie (D:5)
  13 wights
  Dowan (D:4)
  10 killer bees
  5 howler monkeys
  3 lava snakes (D:7)
  A bullfrog zombie (D:5)
  A jelly (D:7)
  3 orc priests
  A hound (D:5)
  A gnoll bouda (D:7)
  3 iguanas
  4 orc wizards
  A hound zombie (D:5)
  A howler monkey zombie (D:5)
  Robin (D:2)
  4 gnolls (D:7)
  4 adders
  2 white imps
  An ufetubus (D:6)
  An adder zombie (D:5)
  3 dart slugs
  25 orcs
  A bat (D:2)
  5 endoplasms
  A giant cockroach (D:1)
  16 hobgoblins
  2 jackals (D:1)
  6 quokkas
  5 ball pythons
  9 frilled lizards
  16 goblins
  11 kobolds
  4 rats
199 creatures vanquished.

Vanquished Creatures (others)
  An orc (D:8)
  2 fungi (D:2)
  42 plants
  7 starspawn tentacles (Abyss:3)
52 creatures vanquished.

Grand Total: 251 creatures vanquished

Notes
Turn   | Place    | Note
-------+----------+-------------------------------------------
     0 | D:1      | nachturnus the Human Monk began the quest for the Orb.
     0 | D:1      | Reached XP level 1. HP: 18/18 MP: 1/1
    16 | D:1      | Found Buecludu's Antique Weapon Shoppe.
   160 | D:1      | Reached XP level 2. HP: 24/24 MP: 2/2
   199 | D:1      | Found a faded altar of an unknown god.
   254 | D:1      | Found Curor's Armour Emporium.
   360 | D:1      | Found Qodeh's Magic Scroll Shop.
   397 | D:1      | Reached XP level 3. HP: 15/29 MP: 3/3
   863 | D:1      | Found Qiluz's Magic Scroll Shop.
   870 | D:1      | Bought a scroll of identify for 26 gold pieces
   906 | D:1      | Found Plog's Weapon Shoppe.
  1025 | D:2      | Noticed Robin
  1446 | D:2      | Reached XP level 4. HP: 32/35 MP: 4/4
  2113 | D:2      | Identified the +2 ring mail of Failure {Str+4}
  2231 | D:2      | Killed Robin
  2232 | D:2      | Reached skill level 5 in Long Blades
  2397 | D:2      | Noticed Sigmund
  2650 | D:2      | Killed Sigmund
  2651 | D:2      | Reached XP level 5. HP: 38/41 MP: 5/5
  2651 | D:2      | Reached XP level 6. HP: 44/47 MP: 6/6
  2895 | D:3      | Found Zin's Purification Station.
  2897 | D:3      | Found a glowing silver altar of Zin.
  3053 | D:3      | Found a blossoming altar of Fedhas.
  3160 | D:3      | Found a broken altar of Ashenzari.
  3433 | D:3      | Found a sparkling altar of Nemelex Xobeh.
  3880 | D:3      | Noticed an ogre
  4329 | D:3      | Killed an ogre
  4330 | D:3      | Reached XP level 7. HP: 52/52 MP: 7/7
  4881 | D:4      | Found a hazy altar of Hepliaklqana.
  4902 | D:4      | Noticed Duvessa
  4902 | D:4      | Noticed Dowan
  5253 | D:4      | Killed Dowan
  5496 | D:3      | Gained mutation: You are somewhat resistant to further
                  | mutation. [potion of mutation]
  5496 | D:3      | Gained mutation: You are covered in fur. (AC +1) [potion of
                  | mutation]
  5570 | D:4      | Found a staircase to the Ecumenical Temple.
  5646 | Temple   | Entered the Ecumenical Temple
  5869 | Temple   | Became a worshipper of Dithmenos the Shadowed
  5869 | Temple   | Reached * piety under Dithmenos
  5869 | Temple   | Reached ** piety under Dithmenos
  6021 | D:5      | Entered Level 5 of the Dungeon
  6039 | D:5      | Reached XP level 8. HP: 43/58 MP: 8/8
  6234 | D:5      | Found a basalt altar of Yredelemnul.
  6634 | D:5      | Reached skill level 10 in Long Blades
  7227 | D:6      | Noticed Feihao's ghost (novice GrFi)
  7255 | D:6      | Reached skill level 1 in Armour
  7261 | D:6      | Reached skill level 2 in Armour
  7267 | D:6      | Reached skill level 3 in Armour
  7298 | D:6      | Reached skill level 4 in Armour
  7298 | D:6      | Reached XP level 9. HP: 30/63 MP: 9/9
  7510 | D:6      | Found a runed translucent gate.
  7510 | D:6      | Found a runed translucent gate.
  7511 | D:6      | Found a runed translucent gate.
  7818 | D:6      | Reached skill level 5 in Armour
  8041 | D:6      | Reached skill level 6 in Armour
  8441 | D:7      | Reached skill level 7 in Armour
  8536 | D:7      | Found Ecwucamacee's Magic Scroll Boutique.
  8547 | D:7      | Bought a scroll of enchant armour for 90 gold pieces
  8547 | D:7      | Bought a scroll of noise for 12 gold pieces
  8651 | D:7      | Found Soqussesh's Assorted Antiques.
  8672 | D:7      | Found Qeykhuopn's Antique Armour Shop.
  8682 | D:7      | Bought a pair of embroidered gloves for 150 gold pieces
  8824 | D:7      | Found Jestu's General Store.
  9065 | D:7      | Reached skill level 8 in Armour
  9409 | D:7      | Bought a potion of might for 56 gold pieces
  9489 | D:7      | Reached *** piety under Dithmenos
  9490 | D:7      | Reached XP level 10. HP: 59/70 MP: 10/10
  9497 | D:7      | Reached skill level 9 in Armour
  9903 | D:7      | Found an iron altar of Okawaru.
  9938 | D:7      | Found a radiant altar of Vehumet.
 10047 | D:7      | Reached skill level 10 in Armour
 10644 | D:8      | Found Binuloog's Armour Shop.
 10935 | D:8      | Reached skill level 11 in Armour
 11515 | D:9      | Found an opulent altar of Gozag.
 11515 | D:9      | Found an ornate altar of the Wu Jian Council.
 11669 | D:9      | Found Joziamerph's Assorted Antiques.
 12142 | D:9      | Reached skill level 5 in Fighting
 12196 | D:9      | Found a staircase to the Orcish Mines.
 12253 | D:9      | Reached **** piety under Dithmenos
 12664 | D:9      | Found a white marble altar of Elyvilon.
 12675 | D:9      | Found a staircase to the Lair.
 12787 | Lair:1   | Entered Level 1 of the Lair of Beasts
 12788 | Lair:1   | Noticed a black mamba
 12790 | Lair:1   | Noticed a cane toad
 12853 | Orc:1    | Entered Level 1 of the Orcish Mines
 12975 | D:10     | Entered Level 10 of the Dungeon
 12990 | D:10     | Noticed Sonja
 13003 | Abyss:2  | Cast into level 2 of the Abyss (Sonja)
 13063 | Abyss:3  | Noticed a red draconian scorcher
 13155 | Abyss:3  | Noticed a large abomination
 13163 | Abyss:3  | Noticed a tentacled starspawn
 13170 | Abyss:3  | Noticed a wretched star
 13171 | Abyss:3  | Noticed a great orb of eyes
 13178 | Abyss:3  | Paralysed by a great orb of eyes for 3 turns
 13261 | Abyss:3  | Noticed a green very ugly thing
 13263 | Abyss:3  | Noticed a wretched star
 13267 | Abyss:3  | Noticed a thrashing horror
 13285 | Abyss:3  | Noticed a thrashing horror
 13291 | Abyss:3  | Noticed a bone dragon
 13300 | Abyss:3  | HP: 1/76 [thrashing horror (6)]
 13300 | Abyss:3  | Slain by a bone dragon

Illustrated notes

Levels and vault maps discovered:
D:1:      lightli_arrival_boilingwater, layout_rooms, serial_shops,
          nicolae_shop_behind_doors,
          nicolae_shop_temple_entry_statues_fountains, shop_statue,
          nicolae_shop_behind_doors, shop, shapermc_ecumenical_altar_pompeii,
          chequers_garden, lexackson_kobold_supper
D:2:      layout_basic, dreamdust_mushroom_princess, minmay_misc_feat_roman,
          uniq_sigmund, uniq_robin
D:3:      minmay_diamond_boxcup, layout_basic, zin_purify,
          mainiacjoe_overflow_alcove_1, lemuel_coloured_pillars_altar,
          lemuel_round_altar
D:4:      layout_basic, mainiacjoe_overflow_tiny_flanked,
          minmay_temple_entry_antechambers, minmay_misc_feat_plants,
          uniq_duvessa
D:5:      layout_basic, nicolae_yredelemnul_corpse_copse,
          nicolae_zen_rock_garden
D:6:      layout_loops_corners, gammafunk_ghost_split
D:7:      layout_cave_pools, mainiacjoe_overflow_two_lobes, serial_shops,
          nicolae_inconvenience_store, shop, nicolae_shop_statue_plus, shop,
          serial_bayou, serial_bayou_pond_a, serial_bayou_pond_a,
          serial_bayou_lagoon_a, serial_bayou_pond_e, hangedman_glass_teeth,
          grunt_ministairs_1, minmay_misc_feat_rugged, kennysheep_potato
D:8:      layout_gridville, serial_shops, nicolae_shop_stone
D:9:      layout_cave_pods, elyvilon_altar_4, mainiacjoe_overflow_divided_tiny,
          lair_entry_dummy, david_orc_3, serial_shops, shop
D:10:     minmay_separated_statues, layout_basic, enter_bailey_5,
          dk_noncrumbling_3, uniq_urug, uniq_sonja
Temple:   minmay_temple_curvy_loop
Lair:1:   layout_layer_cave, nicolae_volcano_entry_vermiform, st_stairs_9,
          uniq_maggie
Orc:1:    layout_caves
Abyss:3:  base: D:12, hangedman_abyss_exit_choices

Skill      XL: |  1  2  3  4  5  6  7  8  9 10 |
---------------+-------------------------------+-----
Long Blades    | 4 6 7 8 10 | 10.0
Armour         | 4 8 11 | 11.0
Fighting       | 6 |  6.1
Dodging        | |  3.0
Stealth        | |  2.0

Action                   |  1- 3 |  4- 6 |  7- 9 | 10-12 || total
-------------------------+-------+-------+-------+-------++-------
Melee: Long sword        |    91 |   133 |   326 |   239 ||   789
       Falchion          |     8 |       |       |       ||     8
       Punch             |     1 |       |     2 |     2 ||     5
  Use: Scroll            |       |     9 |     9 |     5 ||    23
       Potion            |       |       |     3 |     5 ||     8
 Stab: Sleeping          |     2 |     4 |     2 |     3 ||    11
       Distracted        |       |     1 |       |       ||     1
Armor: Robe              |    14 |     3 |       |       ||    17
       Ring mail         |       |    17 |   101 |    52 ||   170
       Plate armour      |       |       |       |   135 ||   135
Dodge: Dodged            |    66 |    75 |   284 |   241 ||   666
